 Dungeon Crawl Stone Soup version 0.27-a0-1200-g94dc6ad4cf (webtiles) character file.

Game seed: 17614867152168118052

298 wakim the Cudgeller (level 6, -1/55 HPs)
             Began as a Minotaur Monk on June 1, 2021.
             Killed by divine providence
             ... invoked by an orc priest
              (15 damage)
             ... on level 4 of the Dungeon.
             The game lasted 00:06:39 (4474 turns).

wakim the Cudgeller (Minotaur Monk)                 Turns: 4474, Time: 00:06:40

Health: -1/55      AC:  6    Str: 17    XL:     6   Next: 13%
Magic:  5/5        EV: 13    Int:  8    God:
Gold:   131        SH:  5    Dex: 12    Spells: 5/5 levels left

rFire    + . .     SeeInvis .   a - +0 mace
rCold    . . .     Faith    .   (no shield)
rNeg     . . .     Spirit   .   j - +0 leather armour {rF+}
rPois    .         Reflect  +   (helmet restricted)
rElec    .         Harm     .   c - +0 cloak
rCorr    .         Rampage  .   (no gloves)
Will     .....                  f - +1 pair of boots
Stlth    +.........             i - amulet of reflection
HPRegen  0.18/turn              (no ring)
MPRegen  0.09/turn              (no ring)

@: no status effects
A: horns 2, retaliatory headbutt
a: no special abilities


You were on level 4 of the Dungeon.
You visited 1 branch of the dungeon, and saw 4 of its levels.

You collected 131 gold pieces.

Inventory:

Hand Weapons
 a - a +0 mace (weapon)
 b - a +4 hunting sling
Missiles
 s - 87 stones (quivered)
Armour
 c - a +0 cloak (worn)
 f - a +1 pair of boots (worn)
 j - a +0 leather armour of fire resistance (worn)
Jewellery
 i - an amulet of reflection (around neck)
Wands
 z - a wand of polymorph (6)
Scrolls
 k - a scroll of fear {unknown}
 l - a scroll of silence {unknown}
 T - a scroll of teleportation
Potions
 d - a potion of degeneration {unknown}
 e - 2 potions of haste {unknown}
 g - a potion of lignification {unknown}
 h - a potion of curing {unknown}
 J - a potion of heal wounds
 N - a potion of might


   Skills:
 + Level 4.8 Fighting
 * Level 5.6 Maces & Flails
 * Level 4.0 Armour
 + Level 4.2 Dodging
 - Level 1.5 Stealth


You had 5 spell levels left.
You didn't know any spells.
Your spell library contained the following spells:

 Spells                   Type           Power      Damage    Failure   Level
 Shock                    Conj/Air       0%         1d3       45%         1
 Static Discharge         Conj/Air       0%         N/A       61%         2
 Confusing Touch          Hex            0%         N/A       83%         3
 Gell's Gravitas          Tloc           0%         N/A       83%         3
 Swiftness                Air            0%         N/A       83%         3
 Airstrike                Air            0%         N/A       99%         4
 Petrify                  Tmut/Erth      0%         N/A       99%         4
 Lightning Bolt           Conj/Air       0%         1d11      100%        5
 Metabolic Englaciation   Hex/Ice        0%         N/A       100%        5
 Yara's Violent Unravell  Hex/Tmut       0%         3d3       100%        5


Dungeon Overview and Level Annotations

Branches:
Dungeon (4/15)
 Temple: D:4-7

Altars:
Zin

Shops:
D:3 :


Innate Abilities, Weirdness & Mutations

You have a pair of horns on your head.
You reflexively headbutt those who attack you in melee.


Message History

You miss the orc wizard. You headbutt the orc wizard.
The orc wizard is severely wounded.
The orc wizard misses you.
You closely miss the orc wizard. You headbutt the orc wizard.
You kill the orc wizard!
Your Armour skill increases to level 4!
Items here: ) [ ††.
An orc priest comes into view. It is wielding a +0 short sword.
The orc priest shouts!
The orc priest calls down the wrath of Beogh upon you.
Beogh smites you! You block the orc priest's attack.
You hit the orc priest but do no damage.
Your headbutt misses the orc priest. You block the orc priest's attack.
The orc priest hits you with a +0 short sword.
You hit the orc priest but do no damage.
Your headbutt misses the orc priest.
The orc priest mumbles some strange prayers to Beogh against you.
Beogh smites you!
You hit the orc priest but do no damage.
The orc priest hits you but does no damage.
You barely miss the orc priest. You headbutt the orc priest.
The orc priest is lightly wounded.
The orc priest begins to cast a cantrip, but forgets the words!
Unknown command.
You closely miss the orc priest. You headbutt the orc priest.
The orc priest is moderately wounded.
The orc priest mumbles some strange prayers to Beogh against you.
Pain shoots through your body!
* * * LOW HITPOINT WARNING * * *
You completely miss the orc priest.
The orc priest is moderately wounded.
The orc priest calls down the wrath of Beogh upon you.
Beogh smites you!
* * * LOW HITPOINT WARNING * * *
You hit the orc priest but do no damage.
The orc priest is moderately wounded.
The orc priest calls down the wrath of Beogh upon you.
Beogh smites you!
You die...

.# #.# #.# #.#
#..#######.#
#[.....).#.#
###.######.#.#
####....####....#
........##...(@###.
#.............o......
#.............(......
#..............(.....
##
#.....##)......(....
..
#....####....###...#
#...†.....#......(.#
###.#####...####.###
#.# ##### #.# ##


You could see an orc priest.

Vanquished Creatures
  A water moccasin skeleton (D:4)
  A jelly (D:2)
  An orc wizard (D:4)
  A howler monkey skeleton (D:4)
  4 gnolls (D:3)
  5 adders
  A worm (D:2)
  2 dart slugs (D:3)
  2 orcs
  3 bats
  5 endoplasms
  3 giant cockroaches
  6 goblins
  10 hobgoblins
  12 jackals
  4 kobolds
  7 quokkas
  9 ball pythons
  3 frilled lizards
  4 rats
84 creatures vanquished.

Notes
Turn   | Place    | Note
-------+----------+-------------------------------------------
     0 | D:1      | wakim the Minotaur Monk began the quest for the Orb.
     0 | D:1      | Reached XP level 1. HP: 19/19 MP: 0/0
   437 | D:1      | Found a faded altar of an unknown god.
   446 | D:1      | Reached skill level 1 in Armour
   459 | D:1      | Reached XP level 2. HP: 27/27 MP: 1/1
   560 | D:1      | Reached skill level 4 in Maces & Flails
  1029 | D:1      | Reached XP level 3. HP: 32/33 MP: 2/2
  2046 | D:2      | Reached XP level 4. HP: 37/40 MP: 3/3
  2692 | D:3      | Reached XP level 5. HP: 43/47 MP: 4/4
  2709 | D:3      | Reached skill level 5 in Maces & Flails
  3058 | D:3      | Found Biom's Book Shop.
  3800 | D:3      | Found a glowing silver altar of Zin.
  4437 | D:4      | Reached XP level 6. HP: 47/53 MP: 5/5
  4474 | D:4      | Killed from afar by an orc priest

Illustrated notes

Levels and vault maps discovered:
D:1:      evilmike_arrival_hilbert_curve, layout_basic,
          ebering_ecumenical_altar_abandoned, minivault_4
D:2:      layout_loops_cross, kennysheep_generic_room_5
D:3:      layout_loops_corners, general_overflow_altar, serial_shops, shop,
          grunt_ministairs_15, minmay_misc_feat_iff, glass_columns_c,
          minmay_misc_feat_five
D:4:      layout_loops_ring

Skill      XL: |  1  2  3  4  5  6 |
---------------+-------------------+-----
Armour         | 1 2 3 4 |  4.0
Maces & Flails | 4 5 |  5.6
Fighting       | 4 |  4.8
Dodging        | 4 |  4.2
Stealth        | |  1.5

Action                   |  1- 3 |  4- 6 || total
-------------------------+-------+-------++-------
Melee: Mace              |    77 |    74 ||   151
       Headbutt          |    10 |    15 ||    25
 Fire: Hunting sling     |       |    47 ||    47
  Use: Scroll            |       |     6 ||     6
 Stab: Sleeping          |     4 |       ||     4
Armor: Robe              |     4 |       ||     4
       Ring mail         |     9 |    22 ||    31
       Leather armour    |       |    10 ||    10
Dodge: Dodged            |    63 |    69 ||   132
Block: Other             |       |     8 ||     8

Table legend: (Time is in decaauts)
 A = Elapsed time spent in this place.
 B = Non-inter-level travel time spent in this place.
 C = Inter-level travel time spent in this place.
 D = Time resting spent in this place.
 E = Time spent auto-exploring this place.
 F = Levels seen in this place.
 G = Mean time per level.
                   A        B        C        D        E       F      G
               +--------+--------+--------+--------+--------+-----+--------+
         Total |   4506 |   4333 |    173 |      0 |   3661 |   4 | 1126.5 |
       Dungeon |   4506 |   4333 |    173 |      0 |   3661 |   4 | 1126.5 |
               +--------+--------+--------+--------+--------+-----+--------+

Top non-repeatable levels by time:
     D:3: 1519 daAuts
     D:1: 1472 daAuts
     D:2: 1029 daAuts
     D:4: 483 daAuts
